Cogmind - Beta 14 *** ADVENTURER MODE // 2024.08.07 @ 16:12:54 // Winter2019/RPGLIKE Player: DeepestRoots Result: Destroyed by Executioner with Helical Railgun Performance ------------- Evolutions (9) 4500 Regions Visited (29) 5800 Robots Destroyed (563) 2815 Value Destroyed (28763) 28763 Prototype IDs (99) 1980 Alien Tech Used (1) 200 Bonus (11404) 11404 TOTAL SCORE: 55462 Bonus ------- High Alert Combat Kills 2346 Follower Combat Kills 896 Registered with UFD 300 Met Data Miner 300 Met Zhirov 300 Met Warlord at Base 500 MAIN.C Attacked Warlord 500 Warlord Defense Kills 950 Acquired SGEMP 2000 Met Sigix 2000 Delivered SGEMP 2000 Friendly Fire -688 Cogmind --------- Core Integrity 0/1550 Matter 248/300 Energy 1192/1260 System Corruption 2% Temperature Cool (0) Movement Rolling (130) Ox2 Location -1/Command Parts ------- > --- POWER (3) -------- Improved Fusion Compressor Cooled Antimatter Reactor Cooled Antimatter Reactor > --- PROPULSION (3) --- Compact Wheel Compact Wheel Compact Wheel > --- UTILITY (17) ----- Advanced Power Amplifier (fused) Coolant Network Experimental Energy Well Enhanced Optical Array Experimental Targeting Computer Precision Energy Filter Particle Accelerator Quantum Capacitor Active Cooling Armor Advanced Shield Generator Advanced Hacking Suite Experimental Hacking Suite > --- WEAPON (3) ------- Enhanced Nova Cannon > --- INVENTORY (5) ---- Hypervelocity Multirail Mini Smartbomb Launcher Improved Plasma Cutter Peak State ------------ > --- POWER ------------ Improved Fusion Compressor Cooled Antimatter Reactor Cooled Antimatter Reactor > --- PROPULSION ------- Compact Wheel Compact Wheel Compact Wheel > --- UTILITY ---------- Advanced Power Amplifier Coolant Network Experimental Energy Well Enhanced Optical Array Experimental Targeting Computer Precision Energy Filter Particle Accelerator Quantum Capacitor Active Cooling Armor Advanced Shield Generator Advanced Hacking Suite Experimental Hacking Suite Advanced System Restoration Module > --- WEAPON ----------- Potential Cannon Hypervelocity Multirail > --- INVENTORY -------- Protomatter Protomatter Enhanced Nova Cannon Mini Smartbomb Launcher Improved Plasma Cutter [Rating: 190] Favorites ----------- Power Cooled Antimatter Reactor Engine Improved Ion Engine Power Core Fusion Compressor Reactor Cooled Antimatter Reactor Propulsion Compact Wheel Treads Light Treads Leg Improved Aluminum Leg Wheel Compact Wheel Flight Unit Cooled Field Propulsion Drive Utility Enhanced Optical Array Device Quantum Capacitor Storage Experimental Energy Well Processor Enhanced Optical Array Hackware Advanced Hacking Suite Protection Active Cooling Armor Weapon Powered Cannon Energy Gun Precision Phase Gun Energy Cannon Powered Cannon Ballistic Gun Hypervelocity Multirail Ballistic Cannon Compact Linear Accelerator Launcher Mini Smartbomb Launcher Impact Weapon Heavy Hammer Slashing Weapon Makeshift Axe Build | -11 -10 -10 -9 -9 -6 -6 -6 -6 -5 -5 -5 -5 -5 -5 -5 -4 -4 -4 -4 -4 -4 -4 -3 -3 -3 -2 -2 -1 -1 ------- Run | Yrd Mat Sub Rec Scr Fac Low Low Dat Pro Fac Was Fac Upp Upp War Pro Fac Was Fac Upp Upp Zhi Pro Res Qua Res Tes Acc Com Slots Evolved 22 | 1 2 1 . 4 1 2 . . . 6 . . . . 1 1 . . . 1 . . . . . 1 . . 1 Power 2 | . . . . . . . . . . 1 . . . . 1 . . . . . . . . . . . . . . Propulsion 2 | 1 . . . . . . . . . 1 . . . . . . . . . . . . . . . . . . . Utility 16 | . 1 1 . 4 1 2 . . . 3 . . . . . 1 . . . 1 . . . . . 1 . . 1 Weapon 2 | . 1 . . . . . . . . 1 . . . . . . . . . . . . . . . . . . . Parts Attached 190 | 5 7 21 . 8 2 3 2 . . 41 1 2 2 2 10 4 16 1 2 3 2 8 6 2 7 1 22 4 6 Power 19 | 1 . 1 . . . . 2 . . 6 . . . . 5 . . . . . . 2 . 1 . . . 1 . Engine 3 | 1 . 1 . . . . 1 . . . . . . . . . . . . . . . . . . . . . . Core 3 | . . . . . . . 1 . . . . . . . . . . . . . . . . 1 . . . 1 . Reactor 13 | . . . . . . . . . . 6 . . . . 5 . . . . . . 2 . . . . . . . Propulsion 16 | 2 2 2 . 1 . . . . . 6 . . . . . . 2 . . . . . . 1 . . . . . Treads 3 | 2 . 1 . . . . . . . . . . . . . . . . . . . . . . . . . . . Leg 3 | . 2 1 . . . . . . . . . . . . . . . . . . . . . . . . . . . Wheel 9 | . . . . 1 . . . . . 6 . . . . . . 1 . . . . . . 1 . . . . . Hover . | . . . . . . . . . . . . . . . . . . . . . . . . . . . . . . Flight 1 | . . . . . . . . . . . . . . . . . 1 . . . . . . . . . . . . Utility 82 | 1 1 2 . 7 2 3 . . . 19 1 2 1 . 3 2 10 1 2 1 . 6 . . 7 1 7 1 2 Device 53 | 1 1 . . 6 1 2 . . . 14 1 1 1 . 2 1 4 1 2 1 . 3 . . 5 1 4 . 1 Storage 3 | . . . . . . . . . . . . . . . . . 1 . . . . . . . . . 2 . . Processor 8 | . . . . 1 1 . . . . . . . . . 1 1 3 . . . . . . . . . 1 . . Hackware 11 | . . . . . . . . . . 5 . 1 . . . . 1 . . . . 1 . . 1 . . 1 1 Protection 7 | . . 2 . . . 1 . . . . . . . . . . 1 . . . . 2 . . 1 . . . . Artifact . | . . . . . . . . . . . . . . . . . . . . . . . . . . . . . . Weapon 73 | 1 4 16 . . . . . . . 10 . . 1 2 2 2 4 . . 2 2 . 6 . . . 15 2 4 Energy Gun 3 | . . . . . . . . . . 2 . . . . . . . . . . . . . . . . 1 . . Energy Cannon 18 | . 2 4 . . . . . . . 2 . . . . . . . . . . . . 1 . . . 5 2 2 Ballistic Gun 7 | 1 . . . . . . . . . . . . . . . . . . . . . . . . . . 4 . 2 Ballistic Cannon 15 | . . 1 . . . . . . . 5 . . . 1 1 1 2 . . 1 1 . 1 . . . 1 . . Launcher 23 | . 2 5 . . . . . . . 1 . . 1 1 1 1 2 . . 1 1 . 3 . . . 4 . . Special Weapon . | . . . . . . . . . . . . . . . . . . . . . . . . . . . . . . Impact Weapon 6 | . . 6 . . . . . . . . . . . . . . . . . . . . . . . . . . . Slashing Weapon 1 | . . . . . . . . . . . . . . . . . . . . . . . 1 . . . . . . Piercing Weapon . | . . . . . . . . . . . . . . . . . . . . . . . . . . . . . . Special Melee Weapon . | . . . . . . . . . . . . . . . . . . . . . . . . . . . . . . Unidentified Prototypes 35 | . . . . . . 1 . . . 9 . . . . 4 . 5 . . . . 4 . . 3 . 7 2 . Parts Lost 1 | . . . . . . . . . . . . . . . . . . . . . . . . . . . . . 1 Power . | . . . . . . . . . . . . . . . . . . . . . . . . . . . . . . Propulsion . | . . . . . . . . . . . . . . . . . . . . . . . . . . . . . . Utility 1 | . . . . . . . . . . . . . . . . . . . . . . . . . . . . . 1 Weapon . | . . . . . . . . . . . . . . . . . . . . . . . . . . . . . . Highest Loss Streak 1 | . . . . . . . . . . . . . . . . . . . . . . . . . . . . . 1 To Critical Strikes . | . . . . . . . . . . . . . . . . . . . . . . . . . . . . . . Average Slot Usage (%) 79 | . 99 80 66 66 70 67 72 75 75 79 81 81 81 81 80 83 82 83 83 83 84 83 83 83 83 83 82 80 79 Engine 4 | . 15 11 11 9 7 6 6 6 6 1 . . . . . . . . . . . . . . . . . . . Core 2 | . . . . . . . 3 6 6 4 4 4 4 4 4 4 4 4 4 4 4 4 4 4 8 4 4 4 3 Reactor 5 | . . . . . . . . . . 6 9 9 9 9 9 12 12 12 12 12 12 12 12 11 8 8 8 8 7 Leg 7 | . 28 24 22 15 . . . . . . . . . . . . . . . . . . . . . . . . . Wheel 7 | . . . . 2 7 6 6 6 6 10 13 13 13 13 13 12 11 12 12 12 12 12 12 12 12 12 12 12 11 Device 20 | . 28 13 11 22 35 30 31 31 31 21 20 22 22 22 19 19 15 16 16 18 20 20 20 20 19 23 23 24 25 Processor 6 | . . . . . 12 12 12 12 12 5 4 4 4 4 7 8 12 12 12 12 12 12 12 12 12 12 13 8 7 Hackware 7 | . . . . . . . . . . 14 14 13 13 13 13 12 12 12 12 12 12 12 12 12 12 12 9 8 7 Protection 5 | . . 10 11 5 . 6 6 6 6 4 4 4 4 4 4 4 4 4 4 4 4 3 4 4 4 4 4 4 3 Energy Cannon 6 | . 13 12 11 9 7 6 6 6 6 4 4 4 4 4 4 4 4 4 4 4 4 4 4 4 4 4 4 8 3 Launcher 2 | . 8 4 . . . . . . . . . . 3 3 1 4 2 4 4 3 2 4 3 4 4 4 1 . . Peak Build Rating 190 | 5 10 25 25 55 61 73 80 80 81 129 130 136 136 135 149 154 157 155 156 164 164 165 167 165 164 164 186 180 190 Average Rating 100 | 3 9 18 25 32 59 72 77 80 80 107 129 132 132 132 136 151 151 153 155 160 161 161 164 163 163 163 171 179 187 On Entrance 113 | . 5 10 25 25 55 61 73 80 80 81 129 130 136 132 132 146 151 155 153 156 161 161 165 165 162 164 164 180 180 Naked Turns . | . . . . . . . . . . . . . . . . . . . . . . . . . . . . . . Heaviest Build 141 | 8 14 38 35 38 27 41 48 48 48 84 85 86 86 84 114 113 127 127 131 134 134 134 134 134 124 124 136 136 141 Greatest Support 48 | 40 40 26 26 26 20 20 20 20 20 48 42 42 42 42 42 42 42 42 42 42 42 42 42 48 48 48 48 48 48 Greatest Overweight (x) 4 | 2 2 2 1 1 1 2 2 2 2 4 2 2 2 1 2 2 3 3 3 3 3 3 3 3 2 2 2 2 2 Average Overweight (x) 1 | . . . 1 . 1 1 2 2 2 1 1 2 1 1 1 2 2 2 2 3 3 2 3 2 2 2 2 2 2 Largest Inventory Capacity 5 | 1 3 3 3 3 3 3 3 3 3 4 5 5 5 5 5 5 5 5 5 5 5 5 5 5 5 5 5 5 5 Average Capacity 3 | . 2 3 3 3 3 3 3 3 3 3 4 5 5 5 5 5 5 5 5 5 5 5 5 5 5 5 5 5 5 Most Carried 5 | 1 3 3 3 3 3 3 3 2 3 4 5 5 5 5 5 5 5 5 5 5 5 5 5 5 5 5 5 5 5 Average Carried 3 | . 2 2 2 2 3 3 . 2 2 2 4 4 4 4 4 4 4 5 5 4 4 4 5 4 5 5 4 3 4 Final Capacity 5 | 1 3 3 3 3 3 3 3 3 3 4 5 5 5 5 5 5 5 5 5 5 5 5 5 5 5 5 5 5 5 Final Carried 5 | 1 3 3 3 3 3 3 2 2 3 4 5 5 5 5 5 5 5 5 5 5 5 5 5 5 5 5 5 5 3 Class Distribution -------------------- 54% | Hacker-Gunner 26% | Mutant 11% | Commander-Mutant 3% | Commander-Scrapper 3% | Hacker-Mutant Dominant Class ---------------- Mutant | -10/Materials Mutant | -10/Subcaves Mutant | -9/Recycling Commander-Mutant | -9/Scraptown Commander-Scrapper | -6/Factory Commander-Mutant | -6/Lower Caves Mutant | -6/Lower Caves Mutant | -6/Data Miner Mutant | -5/Proximity Caves Hacker-Gunner | -5/Factory Hacker-Gunner | -5/Waste Hacker-Gunner | -5/Factory Hacker-Gunner | -5/Upper Caves Hacker-Gunner | -5/Upper Caves Hacker-Gunner | -5/Warlord Hacker-Gunner | -4/Proximity Caves Hacker-Gunner | -4/Factory Hacker-Gunner | -4/Waste Hacker-Gunner | -4/Factory Hacker-Gunner | -4/Upper Caves Hacker-Gunner | -4/Upper Caves Hacker-Gunner | -4/Zhirov Hacker-Gunner | -3/Proximity Caves Hacker-Gunner | -3/Research Hacker-Gunner | -3/Quarantine Hacker-Gunner | -2/Research Hacker-Gunner | -2/Testing Hacker-Gunner | -1/Access Hacker-Gunner | -1/Command Resources | -11 -10 -10 -9 -9 -6 -6 -6 -6 -5 -5 -5 -5 -5 -5 -5 -4 -4 -4 -4 -4 -4 -4 -3 -3 -3 -2 -2 -1 -1 ----------- Run | Yrd Mat Sub Rec Scr Fac Low Low Dat Pro Fac Was Fac Upp Upp War Pro Fac Was Fac Upp Upp Zhi Pro Res Qua Res Tes Acc Com Matter Collected 6712 | 250 76 490 . 60 50 30 20 . 94 826 . 66 227 528 525 484 275 10 35 462 335 . 523 64 108 10 451 153 560 Remotely . | . . . . . . . . . . . . . . . . . . . . . . . . . . . . . . Salvage Created 27744 | 27 964 812 673 . 211 154 252 . 507 3351 819 500 444 771 255 609 2398 2170 2109 945 526 . 551 997 1961 114 3223 151 2250 Parts 1273 | 2 53 58 22 . 11 5 10 . 37 192 12 29 36 34 20 40 97 26 77 33 21 . 22 56 97 6 136 19 122 Haulers Intercepted 7 | . 2 . . . . . . . . 1 . . . . . . 2 . . . . . . 1 1 . . . . Recyclers Shooed 5 | . . . 1 . . . . . . 2 . . . . . . . . 1 . . . . . . . . 1 . Parts Field Recycled . | . . . . . . . . . . . . . . . . . . . . . . . . . . . . . . Retrieved Matter . | . . . . . . . . . . . . . . . . . . . . . . . . . . . . . . Parts Self-Destructed 204 | . . 24 . . . 2 5 . 28 . . . 23 17 . 30 . . . 29 20 . 26 . . . . . . Prevented 4 | . . 1 . . . . . . . . . . . . . . . . . 3 . . . . . . . . . Kills | -11 -10 -10 -9 -9 -6 -6 -6 -6 -5 -5 -5 -5 -5 -5 -5 -4 -4 -4 -4 -4 -4 -4 -3 -3 -3 -2 -2 -1 -1 ------- Run | Yrd Mat Sub Rec Scr Fac Low Low Dat Pro Fac Was Fac Upp Upp War Pro Fac Was Fac Upp Upp Zhi Pro Res Qua Res Tes Acc Com Combat Hostiles Destroyed 482 | . 22 24 9 . 6 2 6 . 15 52 3 9 17 30 10 25 35 6 24 29 22 . 19 14 23 1 40 6 33 Guns 35 | . . . . . . . . . . . . . . . . . . . . . . . . . . . 7 . 28 Cannons 288 | . 20 9 8 . 2 2 6 . 15 44 2 7 7 9 10 7 23 3 17 14 7 . 10 13 18 1 25 6 3 AOE 100 | . . 13 . . 4 . . . . . . . 9 19 . 16 1 . . 15 13 . 8 . . . 1 . 1 Classes Destroyed 30 | 1 5 3 3 . 1 . . . 1 7 1 . 2 1 . 1 . . 1 . . . 1 . 1 . . . 1 Worker 15 | . . . . . 1 . . . . 2 . . . . . . 1 . 1 . . . . 2 . . 1 2 5 Builder 7 | . . . . . . . . . . 2 . . . . . . . . 3 . . . . 1 1 . . . . Tunneler 3 | 1 . . . . 1 . . . . . . . . . . . 1 . . . . . . . . . . . . Hauler 7 | . 2 . . . . . . . . 1 . . . . . . 2 . . . . . . 1 1 . . . . Recycler 12 | . 1 . 3 . . . . . . 4 . . . . . . . . 2 . . . . . 1 . 1 . . Mechanic 1 | . . . . . . . . . . . . . . . . . . . . . . . 1 . . . . . . Operator 8 | . . . . . . . . . . 2 . 2 . . . . . . . . . . . . 1 . 1 . 2 Drone 4 | . . . . . . . . . . . . . . . . 2 . . . . . . 2 . . . . . . Turret 2 | . . 2 . . . . . . . . . . . . . . . . . . . . . . . . . . . Watcher 24 | . 3 . . . . . . . . 7 . 2 . . . . 2 . 2 . . . . 1 3 . 1 1 2 Swarmer 99 | . 3 7 . . 2 . 1 . 9 13 . 5 11 13 . 9 5 . . 8 4 . 4 5 . . . . . Saboteur 6 | . . . . . . . . . . 1 . . . . 2 1 . . . . 1 . . . . . . . 1 Grunt 165 | . 19 . . . 2 1 1 . 3 21 . . . 4 4 8 14 . 10 14 4 . 9 . 13 . 20 3 15 Brawler 16 | . . . . . . . . . 1 . . . . 1 . 2 1 . 1 2 4 . 3 . . . . . 1 Duelist 16 | . . . . . . . . . . . . . . 4 . . 1 . 3 1 5 . . . . . 1 1 . Protector 6 | . . . . . . . . . . 1 . . . . 3 . 1 . 1 . . . . . . . . . . Sentry 41 | . . 1 5 . 2 1 1 . 1 4 . 4 1 1 . 2 3 . 3 1 2 . 1 2 2 1 . 1 2 Demolisher 1 | . . . 1 . . . . . . . . . . . . . . . . . . . . . . . . . . Specialist 2 | . . . . . . . . . . 2 . . . . . . . . . . . . . . . . . . . Hunter 41 | . . . 2 . . . 3 . 1 5 . . 3 2 . . 3 . 5 2 . . . 6 2 . 3 1 3 Programmer 43 | . . . 1 . . . . . . 4 . . . . 1 1 7 . . 1 2 . . 1 5 . 13 . 7 Heavy 1 | . . . . . . . . . . 1 . . . . . . . . . . . . . . . . . . . Behemoth 2 | . . . . . . . . . . . . . 1 1 . . . . . . . . . . . . . . . Compactor 9 | . . . . . . . . . . . 3 . . . . . . 6 . . . . . . . . . . . Striker 4 | . . . . . . . . . . . . . . . . . . . 1 . . . . . . . 2 . 1 Executioner 3 | . . . . . . . . . . . . . . . . . . . . . . . . . . . . . 3 Alpha 7 2 | . . . . . . . . . . . . . . . . . . . . . . . . . 1 . 1 . . Subdweller 16 | . . 16 . . . . . . . . . . . . . . . . . . . . . . . . . . . Scrapoid 1 | . . . . . . . . . . 1 . . . . . . . . . . . . . . . . . . . Packrat 1 | . . . . . . . 1 . . . . . . . . . . . . . . . . . . . . . . Thug 1 | . . . . . . . . . . . . . . 1 . . . . . . . . . . . . . . . Savage 4 | . . . . . . . . . . . . . 1 3 . . . . . . . . . . . . . . . Mutant 1 | . . . . . . . . . . . . . 1 . . . . . . . . . . . . . . . . Best Kill Streak 16 | 1 4 3 6 . 6 2 2 . 5 9 2 7 5 9 4 16 8 3 7 13 16 . 7 10 4 1 5 4 10 Combat Bots Only 16 | . 4 3 3 . 5 2 2 . 5 7 2 7 5 9 4 16 6 3 5 10 16 . 7 7 4 1 4 3 9 Max Kills in Single Turn 5 | 1 1 2 1 . 5 1 1 . 1 1 1 2 3 3 1 4 3 1 1 3 3 . 2 3 1 1 2 1 2 Gunslinging . | . . . . . . . . . . . . . . . . . . . . . . . . . . . . . . Exploded 4 | . . 2 . . 4 . . . . . . . 3 3 . 4 1 . . 3 3 . 2 . . . 1 . 1 Melee . | . . . . . . . . . . . . . . . . . . . . . . . . . . . . . . Uniques/NPCs Destroyed . | . . . . . . . . . . . . . . . . . . . . . . . . . . . . . . Combat | -11 -10 -10 -9 -9 -6 -6 -6 -6 -5 -5 -5 -5 -5 -5 -5 -4 -4 -4 -4 -4 -4 -4 -3 -3 -3 -2 -2 -1 -1 -------- Run | Yrd Mat Sub Rec Scr Fac Low Low Dat Pro Fac Was Fac Upp Upp War Pro Fac Was Fac Upp Upp Zhi Pro Res Qua Res Tes Acc Com Hostile Shots Fired 1833 | . 40 95 15 . 10 33 61 . 67 221 . 17 46 35 28 54 115 . 105 57 39 . 30 57 68 12 108 12 508 Missed 614 | . 10 35 4 . 4 13 17 . 18 70 . 1 20 13 8 17 49 . 38 19 9 . 10 27 22 3 32 3 172 Damage Taken 14530 | . 270 818 159 . 135 345 319 . 614 2456 . 247 321 318 233 308 426 . 726 316 512 . 179 230 565 82 895 257 3799 Core 8670 | . 221 508 88 . 116 201 158 . 327 1418 . 155 198 190 135 190 222 . 394 177 295 . 108 113 355 41 546 163 2351 Absorbed by Shields 4505 | . . . . . . . . . . . . . . . 179 295 409 . 308 302 212 . 178 218 469 81 484 . 1370 Redirected to Core 7589 | . 147 461 88 . 58 175 135 . 273 1302 . 155 171 167 98 155 202 . 394 171 274 . 97 113 313 41 404 163 2032 Ignored by Resistances 5352 | . 83 228 43 . 38 93 104 . 175 683 . 67 93 89 111 172 244 . 293 177 202 . 102 124 200 46 380 71 1534 Regen/Repaired (Parts) 12 | . . . . 2 . . . . . 10 . . . . . . . . . . . . . . . . . . . Core Remaining (%) 95 | 100 . . . 100 . . . . 83 . . . . . . 100 . . . . . . 100 . 93 . 94 . . Volleys Fired 1698 | 2 61 109 22 . 10 6 18 . 46 223 14 49 41 56 68 48 108 44 124 54 43 . 38 61 123 9 193 42 86 Largest 2 | 1 1 1 1 . 1 1 1 . 1 2 1 2 2 1 2 1 2 1 1 2 1 . 2 1 1 1 1 1 1 Hottest 200 | 20 56 56 40 . 40 40 120 . 120 190 120 190 190 120 190 120 190 120 40 190 80 . 190 40 40 40 200 200 200 Shots Fired 1732 | 2 61 109 22 . 10 6 18 . 46 245 14 50 42 56 72 48 112 44 124 56 43 . 39 61 124 9 192 42 85 Gun 92 | 2 . . . . . . . . . . . . . . . . . . . . . . . . . . 19 . 71 Cannon 1529 | . 61 84 22 . 10 6 18 . 46 245 14 50 35 36 72 31 111 44 124 40 32 . 25 61 124 9 173 42 14 Launcher 111 | . . 25 . . . . . . . . . . 7 20 . 17 1 . . 16 11 . 14 . . . . . . Special . | . . . . . . . . . . . . . . . . . . . . . . . . . . . . . . Kinetic 189 | 2 . 3 . . . . . . . 24 . 3 4 1 45 . 6 . . 4 5 . 1 . . . 20 . 71 Thermal 1335 | . . 45 22 . 10 6 18 . 46 221 14 47 31 35 27 31 105 44 124 36 27 . 24 61 124 9 172 42 14 Explosive 108 | . . 22 . . . . . . . . . . 7 20 . 17 1 . . 16 11 . 14 . . . . . . Electromagnetic 100 | . 61 39 . . . . . . . . . . . . . . . . . . . . . . . . . . . Robot Hit Streak 79 | 2 11 19 40 . 5 11 14 . 11 17 10 16 18 16 21 45 42 35 79 32 14 . 12 14 28 17 68 26 49 Robot Miss Streak 6 | . 2 1 . . 1 . 1 . 3 6 1 3 1 1 2 1 1 1 1 1 2 . 1 1 1 . 1 1 2 Penetration Max 2 | . . . . . . . . . . . . . . . . . . . . . . . . . . . 1 . 2 Secondary Targets . | . . . . . . . . . . . . . . . . . . . . . . . . . . . . . . Capacitor 985 | . . . . . . . . . . 75 . 46 24 32 23 28 97 32 124 33 26 . 23 61 124 9 172 42 14 Shots Hit Robots 1143 | 2 53 51 21 . 5 6 15 . 30 134 13 32 30 32 47 27 99 42 100 41 26 . 22 31 66 3 111 26 78 Core Hits 750 | 1 27 38 10 . 5 2 6 . 17 59 2 13 20 41 17 40 49 5 42 57 44 . 42 21 26 2 64 14 86 Critical Kills 96 | . . . 1 . . . . . . 8 1 2 1 2 . 2 11 3 8 . 2 . 1 1 5 . 14 . 34 Critical Parts Destroyed 61 | . . . . . . . . . . . . . . . . . . . . . . . . . . . 6 . 55 Critical Strikes 166 | . . . 1 . . . . . . 8 1 2 1 2 1 2 11 3 8 . 2 . 1 1 5 . 20 . 97 Meltdown 55 | . . . 1 . . . . . . 8 1 2 1 2 . 2 11 3 8 . 2 . 1 1 5 . 7 . . Destroy 110 | . . . . . . . . . . . . . . . . . . . . . . . . . . . 13 . 97 Blast 1 | . . . . . . . . . . . . . . . 1 . . . . . . . . . . . . . . Melee Attacks 35 | . . 35 . . . . . . . . . . . . . . . . . . . . . . . . . . . Impact 35 | . . 35 . . . . . . . . . . . . . . . . . . . . . . . . . . . Slashing . | . . . . . . . . . . . . . . . . . . . . . . . . . . . . . . Piercing . | . . . . . . . . . . . . . . . . . . . . . . . . . . . . . . Sneak Attacks . | . . . . . . . . . . . . . . . . . . . . . . . . . . . . . . Combat Hostiles . | . . . . . . . . . . . . . . . . . . . . . . . . . . . . . . Follow-up Attacks . | . . . . . . . . . . . . . . . . . . . . . . . . . . . . . . Damage Inflicted 81647 | 25 1466 2377 1048 . 1017 323 914 . 2099 9362 1238 1584 2840 3950 2295 3466 5972 2719 4971 4757 4526 . 3470 2382 4598 198 7748 2560 3742 Guns 1327 | 25 . . . . . . . . . . . . . . . . . . . . . . . . . . 265 . 1037 Cannons 61236 | . 1344 951 1048 . 255 323 914 . 2099 9362 1238 1584 1774 1468 2295 1448 5241 2719 4971 2014 1346 . 1453 2070 4598 198 7123 1941 1459 Explosions 18693 | . 122 1035 . . 762 . . . . . . . 1066 2482 . 2018 731 . . 2743 3180 . 2017 312 . . 360 619 1246 Melee 391 | . . 391 . . . . . . . . . . . . . . . . . . . . . . . . . . . Ramming . | . . . . . . . . . . . . . . . . . . . . . . . . . . . . . . Kinetic 4209 | 25 . 151 . . . . . . . 454 . 76 119 31 1459 . 199 . . 156 198 . 39 . . . 265 . 1037 Thermal 59920 | . 122 340 1048 . 1017 323 914 . 2099 8908 1238 1508 1655 1437 836 1448 5583 2719 4971 1858 1148 . 1414 2070 4598 198 7483 2280 2705 Explosive 15131 | . . 843 . . . . . . . . . . 1066 2482 . 2018 190 . . 2743 3180 . 2017 312 . . . 280 . Electromagnetic 1996 | . 1344 652 . . . . . . . . . . . . . . . . . . . . . . . . . . . Impact 391 | . . 391 . . . . . . . . . . . . . . . . . . . . . . . . . . . Slashing . | . . . . . . . . . . . . . . . . . . . . . . . . . . . . . . Piercing . | . . . . . . . . . . . . . . . . . . . . . . . . . . . . . . Highest Corruption 7 | . . . . . . . . . . 1 4 4 . . . 2 3 7 4 . . . . . 1 . 3 . 4 Average Corruption 2 | . . . . . . . . . . 1 4 3 . . . 1 1 4 3 . . . . . 1 . 1 . 2 Corruption Purged 32 | . . . . . . . . . . 1 . 4 . . . . 3 8 4 . . . . . 2 . 7 . 3 Corruption Blocked . | . . . . . . . . . . . . . . . . . . . . . . . . . . . . . . Effects 39 | . . . . . . . . . . 8 3 8 . . . 3 2 4 4 . . . . . 1 . 2 . 4 Message Errors 9 | . . . . . . . . . . 3 1 2 . . . 1 . . 1 . . . . . . . . . 1 Matter Fused 7 | . . . . . . . . . . 1 . 2 . . . 1 1 . 2 . . . . . . . . . . Heat Flow Errors 3 | . . . . . . . . . . 1 . . . . . . . 1 1 . . . . . . . . . . Energy Discharges 4 | . . . . . . . . . . 1 1 1 . . . . . . . . . . . . . . . . 1 Parts Fused 2 | . . . . . . . . . . 1 . . . . . . . . . . . . . . . . . . 1 Data Loss (minor) 8 | . . . . . . . . . . . 1 3 . . . 1 1 1 . . . . . . . . 1 . . Misfires 3 | . . . . . . . . . . 1 . . . . . . . 1 . . . . . . 1 . . . . Weapon Failures 3 | . . . . . . . . . . . . . . . . . . 1 . . . . . . . . 1 . 1 Overload Shots 104 | . . . . . . . 1 . 8 45 14 1 7 3 4 3 2 12 . 2 . . 1 . . . 1 . . Effects 13 | . . . . . . . . . . 9 1 . 1 . . . . 2 . . . . . . . . . . . Energy Bleed 3 | . . . . . . . . . . 1 1 . 1 . . . . . . . . . . . . . . . . Heat Surge 6 | . . . . . . . . . . 6 . . . . . . . . . . . . . . . . . . . Short Circuit 4 | . . . . . . . . . . 2 . . . . . . . 2 . . . . . . . . . . . Overflow Damage 5918 | . 16 138 123 . 190 . 200 . 1 1172 . 43 272 123 175 182 223 . 240 134 235 . 156 77 583 . 906 288 441 Projectiles 4777 | . 16 . 123 . 24 . 200 . 1 1172 . 43 173 21 175 65 190 . 240 61 69 . 111 77 583 . 883 219 331 Explosions 1039 | . . 36 . . 166 . . . . . . . 99 102 . 117 33 . . 73 166 . 45 . . . 23 69 110 Melee 102 | . . 102 . . . . . . . . . . . . . . . . . . . . . . . . . . . Knockbacks 8 | . . 4 . . . . . . . 2 . . . . 1 . 1 . . . . . . . . . . . . Impact 4 | . . 4 . . . . . . . . . . . . . . . . . . . . . . . . . . . Kinetic 4 | . . . . . . . . . . 2 . . . . 1 . 1 . . . . . . . . . . . . Secondary . | . . . . . . . . . . . . . . . . . . . . . . . . . . . . . . Self-Inflicted Damage 473 | . . 93 . . 68 . . . . . . . 31 30 . 15 . . . 36 146 . . 54 . . . . . Shots 17 | . . 4 . . 2 . . . . . . . 1 2 . 2 . . . 1 4 . . 1 . . . . . Rammed . | . . . . . . . . . . . . . . . . . . . . . . . . . . . . . . Targets Rammed . | . . . . . . . . . . . . . . . . . . . . . . . . . . . . . . Kicked . | . . . . . . . . . . . . . . . . . . . . . . . . . . . . . . Crushed . | . . . . . . . . . . . . . . . . . . . . . . . . . . . . . . Highest Temperature 342 | . 54 9 22 . 47 23 77 . 182 342 69 4 46 46 132 50 25 155 151 60 27 . 64 32 18 . 134 103 140 Average Temperature 50 | . 9 6 12 . 24 14 41 . 78 81 37 3 30 30 64 33 9 61 32 26 11 . 23 25 15 . 33 63 72 Received Heat Transfer 2066 | . 189 132 9 . 6 99 123 . 72 417 . 36 12 72 37 64 78 . 111 44 93 . 54 4 80 12 115 36 171 Siege Activations . | . . . . . . . . . . . . . . . . . . . . . . . . . . . . . . Robots Corrupted 6 | . 2 4 . . . . . . . . . . . . . . . . . . . . . . . . . . . Combat Hostiles 6 | . 2 4 . . . . . . . . . . . . . . . . . . . . . . . . . . . Parts Fried 16 | . 7 7 . . . . . . . . . . . . . . . . . . . . . . . . 2 . . Impact Corruptions 3 | . . 3 . . . . . . . . . . . . . . . . . . . . . . . . . . . Robots Melted 56 | . . . 1 . . . . . . 8 1 2 1 2 . 2 11 3 8 . 2 . 1 1 5 . 7 . 1 Combat Hostiles 55 | . . . 1 . . . . . . 8 1 2 1 2 . 2 11 3 7 . 2 . 1 1 5 . 7 . 1 Parts Melted 92 | . . . . . . . . . . 7 . 2 2 2 . . 18 5 16 . 1 . 2 2 13 . 16 4 2 Heat Transferred 4942 | . 150 50 . . 400 . . . . . . . . . . . 225 . . . . . . . . . 809 1321 1987 Parts Sabotaged . | . . . . . . . . . . . . . . . . . . . . . . . . . . . . . . Parts Stolen . | . . . . . . . . . . . . . . . . . . . . . . . . . . . . . . Parts Stripped . | . . . . . . . . . . . . . . . . . . . . . . . . . . . . . . Power Chain Reactions 3 | . 2 1 . . . . . . . . . . . . . . . . . . . . . . . . . . . Alert | -11 -10 -10 -9 -9 -6 -6 -6 -6 -5 -5 -5 -5 -5 -5 -5 -4 -4 -4 -4 -4 -4 -4 -3 -3 -3 -2 -2 -1 -1 ------- Run | Yrd Mat Sub Rec Scr Fac Low Low Dat Pro Fac Was Fac Upp Upp War Pro Fac Was Fac Upp Upp Zhi Pro Res Qua Res Tes Acc Com Peak Influence 1233 | 5 450 . 172 . 284 . . . . 628 77 284 . . . . 862 211 607 . . . . 252 211 147 531 818 1233 Initial 448 | . 2 . . . . . . . . 77 75 47 . . . . 209 207 130 . . . . . 28 35 71 155 448 Average 245 | . 135 . 35 . 180 . . . . 273 75 147 . . . . 448 209 266 . . . . 74 72 75 304 536 846 Maximum Alert Level 4 | . 2 . . . 1 . . . . 2 . 1 . . . . 3 1 2 . . . . 1 1 . 2 3 4 Low Security (%) 47 | 100 79 . 100 . 27 . . . . 35 100 56 . . . . . . 37 . . . . 82 98 100 9 14 . Level 1 34 | . 14 . . . 72 . . . . 46 . 43 . . . . 35 100 50 . . . . 17 1 . 76 20 . Level 2 13 | . 6 . . . . . . . . 17 . . . . . . 50 . 12 . . . . . . . 13 25 32 Level 3 3 | . . . . . . . . . . . . . . . . . 13 . . . . . . . . . . 39 42 Level 4 1 | . . . . . . . . . . . . . . . . . . . . . . . . . . . . . 25 Level 5 . | . . . . . . . . . . . . . . . . . . . . . . . . . . . . . . High Security . | . . . . . . . . . . . . . . . . . . . . . . . . . . . . . . Max Security . | . . . . . . . . . . . . . . . . . . . . . . . . . . . . . . Squads Dispatched 75 | . 7 . . . 3 . . . . 16 . 2 . 1 . 1 4 . 5 . 1 . 1 3 7 . 15 1 8 Investigation 28 | . 7 . . . 1 . . . . 7 . 2 . . . . 1 . 2 . . . . 2 1 . 3 . 2 Extermination 17 | . . . . . . . . . . 3 . . . . . . 2 . 1 . . . . . 4 . 4 1 2 Reinforcement 16 | . . . . . 1 . . . . 6 . . . . . . . . . . . . . 1 2 . 5 . 1 Assault 10 | . . . . . . . . . . . . . . 1 . 1 1 . 2 . 1 . 1 . . . . . 3 Garrison 4 | . . . . . 1 . . . . . . . . . . . . . . . . . . . . . 3 . . Intercept . | . . . . . . . . . . . . . . . . . . . . . . . . . . . . . . Searches Triggered . | . . . . . . . . . . . . . . . . . . . . . . . . . . . . . . Data Miner Redirects 2 | . . . . . . . . . . . . . . . . . . . . . . . . . . . . . 2 Construction Impeded . | . . . . . . . . . . . . . . . . . . . . . . . . . . . . . . Haulers Reinforced 2 | . . . . . . . . . . . . . . . . . . . . . . . . . 1 . 1 . . Active Scanning Responses . | . . . . . . . . . . . . . . . . . . . . . . . . . . . . . . Cargo Convoy Interrupts 2 | . . . . . . . . . . 1 . . . . . . 1 . . . . . . . . . . . . Stealth | -11 -10 -10 -9 -9 -6 -6 -6 -6 -5 -5 -5 -5 -5 -5 -5 -4 -4 -4 -4 -4 -4 -4 -3 -3 -3 -2 -2 -1 -1 --------- Run | Yrd Mat Sub Rec Scr Fac Low Low Dat Pro Fac Was Fac Upp Upp War Pro Fac Was Fac Upp Upp Zhi Pro Res Qua Res Tes Acc Com Distress Signals 13 | . . . . . 1 . . . . 1 . . . . . . 2 . 1 . . . . 1 2 . 2 1 2 Communications Jammed . | . . . . . . . . . . . . . . . . . . . . . . . . . . . . . . Distress Signals . | . . . . . . . . . . . . . . . . . . . . . . . . . . . . . . Times Spotted 620 | . 24 29 8 . 9 11 7 . 16 74 3 16 16 27 57 22 42 5 31 26 17 . 21 15 30 7 44 11 52 Peak Tracking Total 12 | . 4 4 4 . 4 11 3 . 5 11 1 6 5 7 10 8 5 2 6 6 9 . 7 5 4 6 4 4 12 Tactical Retreats 27 | . 4 6 . . . . 1 . . 2 . 2 1 1 2 . 1 . 2 1 . . . . 1 1 . . 2 Traps | -11 -10 -10 -9 -9 -6 -6 -6 -6 -5 -5 -5 -5 -5 -5 -5 -4 -4 -4 -4 -4 -4 -4 -3 -3 -3 -2 -2 -1 -1 ------- Run | Yrd Mat Sub Rec Scr Fac Low Low Dat Pro Fac Was Fac Upp Upp War Pro Fac Was Fac Upp Upp Zhi Pro Res Qua Res Tes Acc Com Traps Triggered 16 | . 4 3 . . 2 . . . . 2 . . . . . . 2 . 1 . . . . . 1 . . . 1 Indirectly . | . . . . . . . . . . . . . . . . . . . . . . . . . . . . . . Trap Hack Attempts . | . . . . . . . . . . . . . . . . . . . . . . . . . . . . . . Triggered . | . . . . . . . . . . . . . . . . . . . . . . . . . . . . . . Disarmed . | . . . . . . . . . . . . . . . . . . . . . . . . . . . . . . Reprogrammed 20 | . . . . . . . . . . 10 . . . . . . 4 . . . . . . . . . 6 . . Reused 7 | . . . . . . . . . . 3 . . . . . . . . . . . . . . . . 4 . . Traps Extracted . | . . . . . . . . . . . . . . . . . . . . . . . . . . . . . . Installed . | . . . . . . . . . . . . . . . . . . . . . . . . . . . . . . Triggered 23 | . 1 . . . . . 2 . . 3 . . . . 8 1 . . . 4 . . . . . . 4 . . Machines | -11 -10 -10 -9 -9 -6 -6 -6 -6 -5 -5 -5 -5 -5 -5 -5 -4 -4 -4 -4 -4 -4 -4 -3 -3 -3 -2 -2 -1 -1 ---------- Run | Yrd Mat Sub Rec Scr Fac Low Low Dat Pro Fac Was Fac Upp Upp War Pro Fac Was Fac Upp Upp Zhi Pro Res Qua Res Tes Acc Com Machines Disabled 47 | . 2 3 . . 4 . . . 1 3 . 1 1 1 . 1 6 . 1 1 2 . 1 4 1 . 10 1 3 Max in Single Turn 5 | . 1 1 . . 4 . . . 1 1 . 1 1 1 . 1 5 . 1 1 1 . 1 1 1 . 1 1 1 Garrison Access 9 | . . . . . 1 . . . . 1 . 1 . . . . 1 . 2 . . . . 1 1 . . 1 . Machines Repaired . | . . . . . . . . . . . . . . . . . . . . . . . . . . . . . . Machines Dismantled . | . . . . . . . . . . . . . . . . . . . . . . . . . . . . . . Machines Sabotaged . | . . . . . . . . . . . . . . . . . . . . . . . . . . . . . . Overloaded Fab Kills . | . . . . . . . . . . . . . . . . . . . . . . . . . . . . . . Hacking | -11 -10 -10 -9 -9 -6 -6 -6 -6 -5 -5 -5 -5 -5 -5 -5 -4 -4 -4 -4 -4 -4 -4 -3 -3 -3 -2 -2 -1 -1 --------- Run | Yrd Mat Sub Rec Scr Fac Low Low Dat Pro Fac Was Fac Upp Upp War Pro Fac Was Fac Upp Upp Zhi Pro Res Qua Res Tes Acc Com Machines Accessed 136 | . 9 4 8 9 3 . . 4 1 23 . 8 1 1 4 . 4 . 10 . 1 6 . 10 14 1 8 3 4 Terminals 74 | . 7 . 6 . 1 . . . . 13 . 3 . . . . 2 . 9 . . . . 7 13 1 6 2 4 Fabricators 9 | . . . . . . . . . . 3 . 3 . . . . 1 . . . . . . 1 . . 1 . . Repair Stations 2 | . . . . . . . . . . 2 . . . . . . . . . . . . . . . . . . . Recycling Units 8 | . 2 . 2 . 1 . . . . 2 . 1 . . . . . . . . . . . . . . . . . Scanalyzers 2 | . . . . . . . . . . 1 . . . . . . . . . . . . . 1 . . . . . Garrison Access 10 | . . . . . 1 . . . . 2 . 1 . . . . 1 . 1 . . . . 1 1 . 1 1 . Total Hacks 475 | . 32 10 39 41 4 . . 30 1 78 . 19 1 1 4 . 15 . 38 . 1 19 . 43 43 13 28 6 9 Successful 328 | . 19 10 23 41 2 . . 30 1 46 . 12 1 1 4 . 11 . 18 . 1 19 . 27 31 8 16 2 5 Failed 147 | . 13 . 16 . 2 . . . . 32 . 7 . . . . 4 . 20 . . . . 16 12 5 12 4 4 Catastrophic 19 | . 2 . 1 . 1 . . . . 4 . . . . . . 1 . 2 . . . . 2 . 2 2 . 2 Database Lockouts . | . . . . . . . . . . . . . . . . . . . . . . . . . . . . . . Manual 152 | . 13 . 8 . 1 . . . . 38 . 8 . . 1 . 9 . 22 . . . . 14 13 11 4 3 7 Terminals 295 | . 27 . 33 . 1 . . . . 54 . 6 . . . . 12 . 37 . . . . 34 41 13 23 5 9 Fabricators 27 | . . . . . . . . . . 11 . 10 . . . . 2 . . . . . . 3 . . 1 . . Repair Stations 4 | . . . . . . . . . . 4 . . . . . . . . . . . . . . . . . . . Recycling Units 17 | . 5 . 6 . 1 . . . . 3 . 2 . . . . . . . . . . . . . . . . . Scanalyzers 4 | . . . . . . . . . . 1 . . . . . . . . . . . . . 3 . . . . . Garrison Access 20 | . . . . . 2 . . . . 5 . 1 . . . . 1 . 1 . . . . 3 2 . 4 1 . Terminal Hacks 252 | . 15 10 18 41 . . . 30 1 25 . 5 1 1 4 . 7 . 13 . 1 19 . 17 23 5 12 1 3 Record 68 | . . 7 1 34 . . . 11 1 . . 2 . . 4 . . . . . . 7 . . 1 . . . . Part Schematic 23 | . . . 2 . . . . 10 . 2 . 1 . . . . . . 1 . . 4 . . 1 . 2 . . Robot Schematic 9 | . . . 2 . . . . 6 . . . . . . . . . . . . . . . . . . 1 . . Robot Analysis 20 | . 4 . 3 6 . . . . . 1 . . . . . . . . 1 . . 4 . . 1 . . . . Prototype ID Bank 21 | . 3 . 2 . . . . 3 . 2 . . . . . . . . . . . 4 . 1 4 . 1 . 1 Open Door 7 | . . 1 . . . . . . . . . . 1 1 . . . . . . 1 . . 1 2 . . . . Level Access Points 1 | . . . . . . . . . . . . . . . . . . . . . . . . . 1 . . . . Branch Access Points 6 | . . . . . . . . . . 1 . 1 . . . . 1 . 1 . . . . 1 . 1 . . . Emergency Access Points 3 | . . . . . . . . . . 1 . . . . . . . . . . . . . 1 1 . . . . Machine Index 4 | . . . . . . . . . . 1 . . . . . . . . 1 . . . . 1 . 1 . . . Terminal Index 8 | . . . 1 . . . . . . 1 . . . . . . 1 . 1 . . . . 1 1 1 1 . . Fabricator Index 2 | . . . . . . . . . . . . . . . . . . . 1 . . . . 1 . . . . . Repair Station Index 1 | . . . 1 . . . . . . . . . . . . . . . . . . . . . . . . . . Scanalyzer Index 1 | . . . 1 . . . . . . . . . . . . . . . . . . . . . . . . . . Garrison Index 3 | . . . . . . . . . . 1 . . . . . . . . . . . . . 1 1 . . . . Alert Level 9 | . . . . . . . . . . . . . . . . . 1 . 2 . . . . 2 2 . 1 1 . Unreport Threat 14 | . 2 . 2 . . . . . . 2 . 1 . . . . 1 . . . . . . 3 1 . 1 . 1 Locate Traps 9 | . 1 . . . . . . . . 3 . . . . . . 2 . 1 . . . . . . 1 1 . . Reprogram Traps 4 | . . . . . . . . . . 2 . . . . . . 1 . . . . . . . . . 1 . . Dispatch Records 2 | . 1 . . . . . . . . . . . . . . . . . . . . . . . 1 . . . . Maintenance Status 1 | . 1 . . . . . . . . . . . . . . . . . . . . . . . . . . . . Surveillance Status 1 | . 1 . . . . . . . . . . . . . . . . . . . . . . . . . . . . Transport Status 1 | . . . . . . . . . . . . . . . . . . . 1 . . . . . . . . . . Recall Investigation 1 | . . . . . . . . . . 1 . . . . . . . . . . . . . . . . . . . Recall Extermination 6 | . . . . . . . . . . 2 . . . . . . . . 1 . . . . . 3 . . . . Recall Reinforcements 1 | . . . . . . . . . . 1 . . . . . . . . . . . . . . . . . . . Hauler Manifests 7 | . 1 . 1 . . . . . . 1 . . . . . . . . 2 . . . . . 1 . 1 . . Registered Components 2 | . 1 . . . . . . . . 1 . . . . . . . . . . . . . . . . . . . Registered Prototypes 3 | . . . . . . . . . . . . . . . . . . . . . . . . 1 1 . . . 1 Zone Layout 11 | . . . 2 . . . . . . 2 . . . . . . . . . . . . . 3 1 1 2 . . Derelict Proto ID Bank 2 | . . 1 . 1 . . . . . . . . . . . . . . . . . . . . . . . . . Release Object 1 | . . 1 . . . . . . . . . . . . . . . . . . . . . . . . . . . Fabricator Hacks 12 | . . . . . . . . . . 6 . 3 . . . . 1 . . . . . . 2 . . . . . Network Status 2 | . . . . . . . . . . . . 1 . . . . 1 . . . . . . . . . . . . Load Schematic 5 | . . . . . . . . . . 3 . 1 . . . . . . . . . . . 1 . . . . . Build 5 | . . . . . . . . . . 3 . 1 . . . . . . . . . . . 1 . . . . . Repair Station Hacks 4 | . . . . . . . . . . 4 . . . . . . . . . . . . . . . . . . . Scan Component 2 | . . . . . . . . . . 2 . . . . . . . . . . . . . . . . . . . Repair 2 | . . . . . . . . . . 2 . . . . . . . . . . . . . . . . . . . Recycling Unit Hacks 5 | . 2 . 2 . 1 . . . . . . . . . . . . . . . . . . . . . . . . Retrieve Components 5 | . 2 . 2 . 1 . . . . . . . . . . . . . . . . . . . . . . . . Scanalyzer 2 | . . . . . . . . . . 1 . . . . . . . . . . . . . 1 . . . . . Insert Component 2 | . . . . . . . . . . 1 . . . . . . . . . . . . . 1 . . . . . Garrison Access Hacks 8 | . . . . . 1 . . . . 1 . 1 . . . . 1 . 1 . . . . 1 1 . . 1 . Seal Access 8 | . . . . . 1 . . . . 1 . 1 . . . . 1 . 1 . . . . 1 1 . . 1 . Unauthorized Hacks 45 | . 2 . 3 . . . . . . 9 . 3 . . . . 2 . 4 . . . . 6 7 3 4 . 2 Terminals 36 | . 2 . 3 . . . . . . 4 . . . . . . 2 . 4 . . . . 6 7 3 3 . 2 Track 11 | . . . 1 . . . . . . 1 . . . . . . . . . . . . . 3 3 1 1 . 1 Botnet 20 | . 2 . 2 . . . . . . 2 . . . . . . 2 . 4 . . . . 2 2 1 2 . 1 Disrupt 4 | . . . . . . . . . . 1 . . . . . . . . . . . . . 1 1 1 . . . Operators 1 | . . . . . . . . . . . . . . . . . . . . . . . . . 1 . . . . Fabricators 6 | . . . . . . . . . . 3 . 2 . . . . . . . . . . . . . . 1 . . Prioritize 4 | . . . . . . . . . . 3 . 1 . . . . . . . . . . . . . . . . . Liberate 2 | . . . . . . . . . . . . 1 . . . . . . . . . . . . . . 1 . . Repair Stations 3 | . . . . . . . . . . 2 . 1 . . . . . . . . . . . . . . . . . Recycling Units . | . . . . . . . . . . . . . . . . . . . . . . . . . . . . . . Fedlink 2 | . . . . . . . . . . 1 . 1 . . . . . . . . . . . . . . . . . Scrapoids 1 | . . . . . . . . . . 1 . . . . . . . . . . . . . . . . . . . Scanalyzers . | . . . . . . . . . . . . . . . . . . . . . . . . . . . . . . Garrison Access . | . . . . . . . . . . . . . . . . . . . . . . . . . . . . . . Data Cores Recovered 6 | . . . . . . . . . . 1 . 1 . . . . . . . . . . . . . . 2 . 2 Used 3 | . . . . . . . . . . 1 . . . . . . . . . . . . . . . . 1 . 1 Hacking Detections 77 | . 8 . 8 . 1 . . . . 14 . 2 . . . . 3 . 9 . . . . 9 8 1 8 2 4 Full Trace Events 23 | . 4 . 4 . . . . . . 4 . 1 . . . . 1 . 2 . . . . 2 1 . 2 . 2 Feedback Events . | . . . . . . . . . . . . . . . . . . . . . . . . . . . . . . Feedback Blocked . | . . . . . . . . . . . . . . . . . . . . . . . . . . . . . . Robot Schematics Acquired 10 | . . . 2 . . . . 6 . . . . . . . . . . . . . . . . . . 2 . . Robots Built . | . . . . . . . . . . . . . . . . . . . . . . . . . . . . . . Authchips . | . . . . . . . . . . . . . . . . . . . . . . . . . . . . . . Time . | . . . . . . . . . . . . . . . . . . . . . . . . . . . . . . Total Robot Build Rating . | . . . . . . . . . . . . . . . . . . . . . . . . . . . . . . Part Schematics Acquired 27 | . . . 2 . . . . 10 . 2 . 1 . . . . . . 1 . . 4 . . 1 . 6 . . Parts Built 8 | . . . . . . . . . . 4 . 2 . . . . . . . . . . . 2 . . . . . Authchips . | . . . . . . . . . . . . . . . . . . . . . . . . . . . . . . Time 193 | . . . . . . . . . . 128 . 26 . . . . . . . . . . . 39 . . . . . Total Part Build Rating 52 | . . . . . . . . . . 26 . 12 . . . . . . . . . . . 14 . . . . . Parts Repaired 2 | . . . . . . . . . . 2 . . . . . . . . . . . . . . . . . . . Time 197 | . . . . . . . . . . 197 . . . . . . . . . . . . . . . . . . . Parts Recycled . | . . . . . . . . . . . . . . . . . . . . . . . . . . . . . . Recycled Matter . | . . . . . . . . . . . . . . . . . . . . . . . . . . . . . . Retrieved Matter . | . . . . . . . . . . . . . . . . . . . . . . . . . . . . . . Retrieved Components 9 | . 5 . 1 . 3 . . . . . . . . . . . . . . . . . . . . . . . . Parts Scanalyzed 1 | . . . . . . . . . . . . . . . . . . . . . . . . 1 . . . . . Part Schematics Acquired . | . . . . . . . . . . . . . . . . . . . . . . . . . . . . . . Parts Damaged . | . . . . . . . . . . . . . . . . . . . . . . . . . . . . . . Bothacking | -11 -10 -10 -9 -9 -6 -6 -6 -6 -5 -5 -5 -5 -5 -5 -5 -4 -4 -4 -4 -4 -4 -4 -3 -3 -3 -2 -2 -1 -1 ------------ Run | Yrd Mat Sub Rec Scr Fac Low Low Dat Pro Fac Was Fac Upp Upp War Pro Fac Was Fac Upp Upp Zhi Pro Res Qua Res Tes Acc Com Used RIF Installer . | . . . . . . . . . . . . . . . . . . . . . . . . . . . . . . Robots Hacked . | . . . . . . . . . . . . . . . . . . . . . . . . . . . . . . Non-combat . | . . . . . . . . . . . . . . . . . . . . . . . . . . . . . . Combat . | . . . . . . . . . . . . . . . . . . . . . . . . . . . . . . Robot Hacks Applied . | . . . . . . . . . . . . . . . . . . . . . . . . . . . . . . Relay Couplers Released 1 | . . . . . . . . . . . . . . . . . . . 1 . . . . . . . . . . Machine Destruction 1 | . . . . . . . . . . . . . . . . . . . 1 . . . . . . . . . . Fabnet Peak Effective % . | . . . . . . . . . . . . . . . . . . . . . . . . . . . . . . Robots Rewired 13 | . . . 6 . . . . . . . . . . 2 . . . . . 1 1 . 2 . . . 1 . . Allies Hacked 1 | . . . . . . . . . . 1 . . . . . . . . . . . . . . . . . . . Hacks Repelled . | . . . . . . . . . . . . . . . . . . . . . . . . . . . . . . Allies | -11 -10 -10 -9 -9 -6 -6 -6 -6 -5 -5 -5 -5 -5 -5 -5 -4 -4 -4 -4 -4 -4 -4 -3 -3 -3 -2 -2 -1 -1 -------- Run | Yrd Mat Sub Rec Scr Fac Low Low Dat Pro Fac Was Fac Upp Upp War Pro Fac Was Fac Upp Upp Zhi Pro Res Qua Res Tes Acc Com Total Allies 31 | . . . 6 . . . . . . 5 . 2 . 2 . . . . . 1 1 . 2 . . . 9 3 . Largest Group 6 | . . . 6 6 6 4 . . . 5 . 2 . 2 1 . . . . 1 1 1 2 1 . . 3 4 3 Highest-Rated Group 526 | . . . 90 90 90 67 . . . 235 . 98 . 59 29 . . . . 30 30 30 94 47 . . 285 526 379 Highest-Rated Ally 156 | . . . 34 34 34 34 . . . 51 . 49 . 30 29 . . . . 30 30 30 47 47 . . 156 147 135 Total Orders 7 | . . . . . . . . . . 3 . . . . . . . . . . . . . . . . 4 . . STAY 4 | . . . . . . . . . . 2 . . . . . . . . . . . . . . . . 2 . . FOLLOW 3 | . . . . . . . . . . 1 . . . . . . . . . . . . . . . . 2 . . Ally Attacks 230 | . . . . . 6 5 . . . 82 . 7 . 8 5 . . . . . . . 20 7 . . 44 44 2 Total Damage 7615 | . . . . . 106 365 . . . 2122 . 267 . 198 37 . . . . . . . 556 198 . . 1577 2072 117 Kills 42 | . . . . . 2 3 . . . 16 . 1 . 1 . . . . . . . . 4 . . . 5 9 1 Allies Corrupted 3 | . . . . . . . . . . . . . . . . . . . . . 1 . . . . . 1 1 . Allies Melted . | . . . . . . . . . . . . . . . . . . . . . . . . . . . . . . Intel | -11 -10 -10 -9 -9 -6 -6 -6 -6 -5 -5 -5 -5 -5 -5 -5 -4 -4 -4 -4 -4 -4 -4 -3 -3 -3 -2 -2 -1 -1 ------- Run | Yrd Mat Sub Rec Scr Fac Low Low Dat Pro Fac Was Fac Upp Upp War Pro Fac Was Fac Upp Upp Zhi Pro Res Qua Res Tes Acc Com Robot Analysis Total 20 | . 4 . 3 6 . . . . . 1 . . . . . . . . 1 . . 4 . . 1 . . . . Derelict Logs Recovered 9 | . . . . 2 . . 1 . 1 . . . 2 1 . . . . . 1 1 . . . . . . . . Drone Launches . | . . . . . . . . . . . . . . . . . . . . . . . . . . . . . . Drone Recoveries . | . . . . . . . . . . . . . . . . . . . . . . . . . . . . . . Decoded 0b10 Intel 8 | . . . . . . . . . . . . . . . . . 8 . . . . . . . . . . . . Traps 4 | . . . . . . . . . . . . . . . . . 4 . . . . . . . . . . . . Emergency Access 4 | . . . . . . . . . . . . . . . . . 4 . . . . . . . . . . . . Exploration | -11 -10 -10 -9 -9 -6 -6 -6 -6 -5 -5 -5 -5 -5 -5 -5 -4 -4 -4 -4 -4 -4 -4 -3 -3 -3 -2 -2 -1 -1 ------------- Run | Yrd Mat Sub Rec Scr Fac Low Low Dat Pro Fac Was Fac Upp Upp War Pro Fac Was Fac Upp Upp Zhi Pro Res Qua Res Tes Acc Com Turns Passed 37271 | 89 1583 5358 1292 4496 255 508 969 70 603 3634 131 572 1472 1592 771 600 1092 205 1031 1902 1793 255 1479 671 1506 204 2084 396 658 Spaces Moved 24571 | 52 1009 2646 608 3143 243 439 947 78 513 2632 85 369 1240 1273 488 401 694 125 608 1197 1192 171 1003 438 1012 147 1256 245 317 Core 8 | 7 1 . . . . . . . . . . . . . . . . . . . . . . . . . . . . Treads 100 | 45 55 . . . . . . . . . . . . . . . . . . . . . . . . . . . . Legs 6255 | . 953 2646 608 2048 . . . . . . . . . . . . . . . . . . . . . . . . . Wheels 18208 | . . . . 1095 243 439 947 78 513 2632 85 369 1240 1273 488 401 694 125 608 1197 1192 171 1003 438 1012 147 1256 245 317 Hover . | . . . . . . . . . . . . . . . . . . . . . . . . . . . . . . Flight . | . . . . . . . . . . . . . . . . . . . . . . . . . . . . . . Fastest Speed 50 | 50 120 120 190 80 80 80 90 90 90 90 108 123 108 108 108 123 123 123 123 138 138 123 138 130 130 130 130 130 130 Average Speed 128 | 147 122 179 190 134 80 89 90 90 90 101 119 123 109 108 114 123 123 123 134 138 138 137 138 130 130 130 130 130 130 Slowest Speed 260 | 160 160 260 190 190 80 90 90 90 90 160 123 123 123 108 123 123 145 138 138 138 138 138 138 138 130 130 130 130 130 Overloaded Moves . | . . . . . . . . . . . . . . . . . . . . . . . . . . . . . . Propulsion Burnouts . | . . . . . . . . . . . . . . . . . . . . . . . . . . . . . . Robots Hopped . | . . . . . . . . . . . . . . . . . . . . . . . . . . . . . . Cave-ins Triggered 1 | . . . . . . . . . . . . . . . . . . . . . . . . . 1 . . . . Exploration Rate (%) 64 | 3 99 98 94 96 12 68 97 74 70 66 77 14 97 99 64 70 27 78 24 97 99 63 98 17 97 5 88 10 19 Regions Visited 29 Branch Regions 18 Pre-discovered Areas 7 | . . . . 1 . . 1 1 . . . . . . . . . . . 1 . 3 . . . . . . . Known Exits Taken 13 | . . . . . 1 1 1 . 1 . . 1 . 1 . 1 . . 1 . . . 1 1 1 1 . 1 . Unknown Exits Taken 12 | 1 1 1 1 1 . . . 1 . . . . 1 . 1 . . . . 1 1 1 . . . . 1 . . Scrap Searched 45 | . . 16 . 3 . 4 4 . 1 . . . 4 1 . 1 . . . 3 4 . 4 . . . . . . Spaces Dug 351 | . . 40 1 . 2 . 1 . 3 72 . 8 6 3 12 5 5 . 20 . . . 3 21 44 6 81 13 5 Terrain Destroyed 1372 | . 7 131 1 . 14 . 3 . 15 99 1 16 77 148 13 134 56 2 23 154 68 . 91 34 56 6 100 67 56 Melee 1 | . . 1 . . . . . . . . . . . . . . . . . . . . . . . . . . . Projectile 403 | . . 20 1 . 2 . 3 . 15 99 1 16 8 7 13 6 7 2 23 2 5 . 4 24 56 6 63 15 5 AOE 957 | . 7 110 . . 12 . . . . . . . 69 141 . 128 49 . . 152 63 . 87 10 . . 32 52 45 Terrain Rammed . | . . . . . . . . . . . . . . . . . . . . . . . . . . . . . . Walls Destroyed . | . . . . . . . . . . . . . . . . . . . . . . . . . . . . . . Machines Disabled . | . . . . . . . . . . . . . . . . . . . . . . . . . . . . . . Actions | -11 -10 -10 -9 -9 -6 -6 -6 -6 -5 -5 -5 -5 -5 -5 -5 -4 -4 -4 -4 -4 -4 -4 -3 -3 -3 -2 -2 -1 -1 --------- Run | Yrd Mat Sub Rec Scr Fac Low Low Dat Pro Fac Was Fac Upp Upp War Pro Fac Was Fac Upp Upp Zhi Pro Res Qua Res Tes Acc Com Total 29539 | 60 1306 3081 728 3398 295 547 1050 77 618 3470 108 489 1337 1473 651 487 922 169 830 1424 1326 190 1079 543 1214 161 1698 320 488 Wait 2128 | 1 180 201 45 240 38 97 47 . 35 402 3 54 29 119 57 12 49 . 58 147 52 3 12 28 41 4 150 8 16 Move 24543 | 51 1008 2645 607 3142 242 438 946 77 512 2632 84 368 1239 1272 487 400 694 124 607 1196 1191 170 1002 437 1010 146 1255 244 317 Hop . | . . . . . . . . . . . . . . . . . . . . . . . . . . . . . . Pick Up 85 | 1 14 7 1 2 . . 3 . 2 27 1 1 4 2 1 3 2 . . 1 1 . . 2 . . 5 2 3 Fast Attach 123 | 5 4 10 . 7 1 3 2 . . 31 1 1 . . 7 . 11 . . 1 . 8 4 1 6 1 13 4 2 Attach 10 | . 1 . . 1 . . . . . 2 . . 1 . . 1 2 . . . . . . . . . 2 . . Detach 4 | . . 1 . . . . . . . 1 . . . . . . 1 . . . . 1 . . . . . . . Swap 59 | . 2 11 . 1 1 . . . . 8 . 1 1 2 3 3 3 1 2 2 2 1 2 1 1 . 7 . 4 Drop 183 | . 14 18 1 5 1 2 5 . 1 52 1 2 4 2 7 2 14 . . 1 1 7 4 3 6 1 19 3 7 Fire 1698 | 2 61 109 22 . 10 6 18 . 46 223 14 49 41 56 68 48 108 44 124 54 43 . 38 61 123 9 193 42 86 Melee 35 | . . 35 . . . . . . . . . . . . . . . . . . . . . . . . . . . Ram . | . . . . . . . . . . . . . . . . . . . . . . . . . . . . . . Kick . | . . . . . . . . . . . . . . . . . . . . . . . . . . . . . . Crush . | . . . . . . . . . . . . . . . . . . . . . . . . . . . . . . Escape Stasis 7 | . . . . . . . . . . . . . . . . . . . . . . . . . 1 . . . 6 Rewire 69 | . . . 41 . . . . . . . . . . 4 . . . . . 3 10 . 5 . . . 6 . . Trap . | . . . . . . . . . . . . . . . . . . . . . . . . . . . . . . Miscellaneous 595 | . 22 44 11 . 2 1 29 . 22 92 4 13 18 16 21 18 38 . 39 19 26 . 12 10 26 . 48 17 47 Route ------- -11/Scrapyard -10/Materials (discovered 5 exits: [*Mat x3] / [*Min] / *Sub) -10/Subcaves (discovered 3 exits: [*Mat x2] / *Rec) -9/Recycling -9/Scraptown (discovered 2 exits: *Fac x2) -6/Factory (discovered 4 exits: Fac x3 / *Low) -6/Lower Caves -6/Lower Caves (discovered 2 exits: *Fac / *Dat) -6/Data Miner -5/Proximity Caves -5/Factory (discovered 7 exits: *Fac x3 / *Upp x2 / *Ext x2) -5/Waste -5/Factory (discovered 4 exits: *Upp x2 / Ext x2) -5/Upper Caves -5/Upper Caves (discovered 2 exits: *Fac / *War) -5/Warlord -4/Proximity Caves -4/Factory (discovered 5 exits: *Res x2 / Upp x2 / Arm) -4/Waste -4/Factory (discovered 3 exits: *Upp x2 / Arm) -4/Upper Caves -4/Upper Caves (discovered 2 exits: *Res / *Zhi) -4/Zhirov -3/Proximity Caves -3/Research (discovered 3 exits: Res / *Qua x2) -3/Quarantine -2/Research (discovered 2 exits: *Tes x2) -2/Testing -1/Access (discovered 2 exits: Sur / *Com) -1/Command (discovered 1 exit: *Sur) History --------- Turn | Location | Event 2 | -11/Scrapyard | Met Revision 17 3 | -11/Scrapyard | Upgraded with Propulsion slot (x1) 5 | -11/Scrapyard | Discovered new exit (range 15) 90 | -11/Scrapyard | Entered Materials 234 | -10/Materials | Upgraded with Utility slot (x1) 302 | -10/Materials | Build established: Mutant 354 | -10/Materials | Discovered new exit (range 6) 588 | -10/Materials | Discovered new exit (range 6) 629 | -10/Materials | Reached level 2 757 | -10/Materials | Upgraded with Weapon slot (x1) 932 | -10/Materials | Discovered new exit (range 8) 1053 | -10/Materials | Discovered new exit (range 16) 1545 | -10/Materials | Reached level 3 1657 | -10/Materials | Discovered new exit (range 15) 1673 | -10/Materials | Entered Subcaves 1693 | -10/Subcaves | Shifting Twisted Machinery released Mak. Laser 1697 | -10/Subcaves | Shifting Twisted Machinery released Flamer 2012 | -10/Subcaves | Ambushed by Subdwellers from Twisted Machinery 2277 | -10/Subcaves | Upgraded with Utility slot (x1) 2758 | -10/Subcaves | Discovered new exit (range 16) 2959 | -10/Subcaves | Shifting Twisted Machinery released Enh. Flamer 2999 | -10/Subcaves | A swath of the cavern ceiling suddenly collapsed 3149 | -10/Subcaves | Disturbed a concealed Subdweller 3151 | -10/Subcaves | Core integrity fell below 50% 3625 | -10/Subcaves | Reached level 4 3625 | -10/Subcaves | Discovered new exit (range 12) 4510 | -10/Subcaves | Disturbed a concealed Subdweller 4930 | -10/Subcaves | Visited 4L-MR0's lab 4947 | -10/Subcaves | Found Powered Cannon 4949 | -10/Subcaves | Attached Powered Cannon, gained temporary slot: Power 5057 | -10/Subcaves | Released subatomizers from SUBCON Basin 6139 | -10/Subcaves | A swath of the cavern ceiling suddenly collapsed 6238 | -10/Subcaves | Shifting Twisted Machinery released Mak. Laser 6239 | -10/Subcaves | Shifting Twisted Machinery released Sub. Beam Cannon 6538 | -10/Subcaves | Discovered new exit (range 15) 6696 | -10/Subcaves | Visited Clippyterm 6701 | -10/Subcaves | Learned 40 Factory zone layouts 7031 | -10/Subcaves | Entered Recycling 7033 | -9/Recycling | Reached level 5 8268 | -9/Recycling | Scanned before Scraplab entrance 8295 | -9/Recycling | Entered Scraplab 8310 | -9/Recycling | Discovered new exit (range 2) 8323 | -9/Recycling | Entered Scraptown 8323 | -9/Scraptown | Accompanied by 6 allies 8325 | -9/Scraptown | Reached level 6 8410 | -9/Scraptown | Build established: Commander-Mutant 8738 | -9/Scraptown | Visited Supply Room 8749 | -9/Scraptown | Upgraded with Utility slot (x1) 8806 | -9/Scraptown | Visited Symbiants 8853 | -9/Scraptown | Visited Red Mages 8954 | -9/Scraptown | Found Relay Coupler [Proto] 9009 | -9/Scraptown | Visited Fellowship of the Rings 9673 | -9/Scraptown | Visited Spacefarers 10027 | -9/Scraptown | Discovered new exit (range 5) 10169 | -9/Scraptown | Scanned Subdweller tech in exchange for log data 10173 | -9/Scraptown | Learned location of 2 exits from Lower Caves 10175 | -9/Scraptown | Learned Factory emergency access door positions 10257 | -9/Scraptown | Visited Comm Corps 10358 | -9/Scraptown | Visited TADAMA 10498 | -9/Scraptown | Visited UFD Registry 10506 | -9/Scraptown | Registered with UFD as "Rustframe" 10561 | -9/Scraptown | Visited Junk Cannon Lab 10614 | -9/Scraptown | Visited Science Guys 10734 | -9/Scraptown | Visited Supply Room 10801 | -9/Scraptown | Delivered Scrap Shield to a Scientist 11015 | -9/Scraptown | Visited Analyses Database 11135 | -9/Scraptown | Visited Scrap Suit Storage 11265 | -9/Scraptown | Visited Modified Component R&D 11332 | -9/Scraptown | Visited Observation Area 11384 | -9/Scraptown | Visited Abandonware Association 11396 | -9/Scraptown | Learned abandonware demo "OVRCLOCK.EXE" 11410 | -9/Scraptown | Learned abandonware demo "HACKBUD.EXE" 11410 | -9/Scraptown | Learned abandonware demo "REBOOT5.EXE" 11542 | -9/Scraptown | Discovered new exit (range 5) 11690 | -9/Scraptown | Found Scrap Suit 12029 | -9/Scraptown | Build established: Commander-Scrapper 12234 | -9/Scraptown | Upgraded with Utility slot (x1) 12409 | -9/Scraptown | Upgraded with Utility slot (x1) 12542 | -9/Scraptown | Upgraded with Utility slot (x1) 12819 | -9/Scraptown | Entered Factory 12819 | -6/Factory | Accompanied by 6 allies 12820 | -6/Factory | Identified exit to Factory 12820 | -6/Factory | Identified exit to Lower Caves 12821 | -6/Factory | Reached level 7 12821 | -6/Factory | Reached level 8 12821 | -6/Factory | Reached level 9 12821 | -6/Factory | Reached level 10 12821 | -6/Factory | Reached level 11 12821 | -6/Factory | Reached level 12 12845 | -6/Factory | Upgraded with Utility slot (x1) 12876 | -6/Factory | Garrison activated, responded to threat 12889 | -6/Factory | Reached level 13 13074 | -6/Factory | Entered Lower Caves 13074 | -6/Lower Caves | Accompanied by 4 allies 13075 | -6/Lower Caves | Encountered a Warlord checkpoint 13075 | -6/Lower Caves | Identified exit to Lower Caves 13076 | -6/Lower Caves | UFD Scientist delivered a prototype 13079 | -6/Lower Caves | Found Prototype Protection 13079 | -6/Lower Caves | Identified Enh. Scrap Shield 13080 | -6/Lower Caves | Upgraded with Utility slot (x2) 13370 | -6/Lower Caves | Build established: Commander-Mutant 13582 | -6/Lower Caves | Entered another Lower Caves area 13583 | -6/Lower Caves | Identified exit to Data Miner 13584 | -6/Lower Caves | Reached level 14 13608 | -6/Lower Caves | Attracted the attention of an 0b10 checkpoint 13611 | -6/Lower Caves | Lost 4 allies 13622 | -6/Lower Caves | Core integrity fell below 50% 13721 | -6/Lower Caves | Discovered exit to Factory (range 20) 13860 | -6/Lower Caves | Build established: Mutant 13907 | -6/Lower Caves | Found DCF Scrap (15 items) 14364 | -6/Lower Caves | Encountered a Warlord checkpoint 14551 | -6/Lower Caves | Entered Data Miner 14551 | -6/Data Miner | Discovered new exit (range 6) 14563 | -6/Data Miner | Met Data Miner 14563 | -6/Data Miner | Reached level 15 14586 | -6/Data Miner | Learned location of Section 7 (-2) 14586 | -6/Data Miner | Acquired the access code to Warlord's prototype stash 14602 | -6/Data Miner | Received God Mode back door access code from Data Miner 14621 | -6/Data Miner | Entered Proximity Caves 14631 | -5/Proximity Caves | Found Alien Artifact 14671 | -5/Proximity Caves | Reached level 16 15013 | -5/Proximity Caves | Reached level 17 15119 | -5/Proximity Caves | Spotted B-75 Beast 15198 | -5/Proximity Caves | Learned location of 1 exit from Factory 15205 | -5/Proximity Caves | Discovered exit to Factory (range 16) 15214 | -5/Proximity Caves | Attracted the attention of an 0b10 checkpoint 15224 | -5/Proximity Caves | Entered Factory 15225 | -5/Factory | Identified exit to Factory 15226 | -5/Factory | Reached level 18 15551 | -5/Factory | Build established: Hacker-Mutant 15587 | -5/Factory | Repaired Broken Energy Filter 15690 | -5/Factory | Identified Dimensional Node Initializer 15822 | -5/Factory | Discovered new exit (range 19) 15857 | -5/Factory | Upgraded with Utility slot (x1) 16170 | -5/Factory | Scrapoids reinforcements arrived? 16182 | -5/Factory | Reached level 19 16340 | -5/Factory | Cargo convoy interrupted 16352 | -5/Factory | Core integrity fell below 50% 16359 | -5/Factory | Reached level 20 16404 | -5/Factory | Lost 4 allies 16407 | -5/Factory | Destroyed 7 combat bots 16454 | -5/Factory | Upgraded with Power slot (x1) 16521 | -5/Factory | Found PL-3XN's Ring of Power 16533 | -5/Factory | Upgraded with Weapon slot (x1) 16544 | -5/Factory | Upgraded with Propulsion slot (x1) 16639 | -5/Factory | Found Prototype Launcher 16639 | -5/Factory | Identified Mni. Smartbomb Launcher 16904 | -5/Factory | Build established: Hacker-Gunner 17169 | -5/Factory | Identified exit to Upper Caves 17169 | -5/Factory | Identified exit to Extension 17520 | -5/Factory | Discovered exit to Factory (range 14) 17574 | -5/Factory | Upgraded with Utility slot (x1) 17630 | -5/Factory | Reached level 21 17750 | -5/Factory | Spotted B-75 Beast 17852 | -5/Factory | Fabricated Quantum Capacitor? 17927 | -5/Factory | Upgraded with Utility slot (x1) 17965 | -5/Factory | Repaired Broken Cld. Antimatter Reactor? 18131 | -5/Factory | Fabricated Prc. Energy Filter (x1) 18212 | -5/Factory | Discovered exit to Factory (range 8) 18297 | -5/Factory | Fabricated Prc. Energy Filter (x1) 18715 | -5/Factory | Reached level 22 18788 | -5/Factory | Found Mni. Smartbomb Launcher 18858 | -5/Factory | Sucked down chute 18858 | -5/Factory | Entered Waste 18858 | -5/Waste | Spotted C-40 Crusher 18865 | -5/Waste | Spotted C-40 Crusher 18868 | -5/Waste | Destroyed C-40 Crusher 18871 | -5/Waste | Spotted C-40 Crusher 18873 | -5/Waste | EMP discharged 18881 | -5/Waste | Destroyed C-40 Crusher 18930 | -5/Waste | Spotted C-40 Crusher 18955 | -5/Waste | Spotted C-40 Crusher 18963 | -5/Waste | Destroyed C-40 Crusher 18973 | -5/Waste | EMP discharged 18978 | -5/Waste | Discovered new exit (range 10) 18989 | -5/Waste | Entered Factory 19142 | -5/Factory | Discovered exit to Upper Caves (range 19) 19291 | -5/Factory | Fabricated Adv. System Restoration Module (x2) 19525 | -5/Factory | Destroyed 7 combat bots 19561 | -5/Factory | Entered Upper Caves 19591 | -5/Upper Caves | Spotted B-75 Beast 19652 | -5/Upper Caves | Destroyed B-75 Beast 19785 | -5/Upper Caves | Attracted the attention of an 0b10 checkpoint 19844 | -5/Upper Caves | Learned 4 Factory zone layouts 20088 | -5/Upper Caves | Attacked by a delusional Derelict stockpiling parts 20196 | -5/Upper Caves | Discovered new exit (range 19) 21033 | -5/Upper Caves | Entered another Upper Caves area 21034 | -5/Upper Caves | Identified exit to Warlord 21035 | -5/Upper Caves | Reached level 23 21080 | -5/Upper Caves | Destroyed 9 combat bots 21112 | -5/Upper Caves | Spotted B-75 Beast 21118 | -5/Upper Caves | Destroyed B-75 Beast 21229 | -5/Upper Caves | Discovered exit to Factory (range 7) 21564 | -5/Upper Caves | Learned Factory security intel 22061 | -5/Upper Caves | Ambushed by wild Derelicts 22130 | -5/Upper Caves | Attracted the attention of an 0b10 outpost 22170 | -5/Upper Caves | Destroyed 7 combat bots 22625 | -5/Upper Caves | Entered Warlord 22625 | -5/Warlord | Accompanied by 1 ally 22654 | -5/Warlord | Discovered new exit (range 12) 22876 | -5/Warlord | Rebuked by Warlord 22891 | -5/Warlord | Warlord's base attacked by MAIN.C 22906 | -5/Warlord | Opened Warlord's prototype stash 22914 | -5/Warlord | Found Prototype Processor 22914 | -5/Warlord | Identified Exp. Targeting Computer 22919 | -5/Warlord | Found Prototype Reactor 22919 | -5/Warlord | Identified Vortex Chain Reactor 23023 | -5/Warlord | Spotted B-86 Titan 23188 | -5/Warlord | Warlord forces counterattacked 23240 | -5/Warlord | Spotted Striker 23241 | -5/Warlord | Lost 4 allies 23253 | -5/Warlord | Spotted Executioner 23310 | -5/Warlord | Spotted Executioner 23338 | -5/Warlord | Spotted Executioner 23364 | -5/Warlord | Upgraded with Power slot (x1) 23378 | -5/Warlord | Lost 10 allies 23396 | -5/Warlord | Entered Proximity Caves 23398 | -4/Proximity Caves | Reached level 24 23399 | -4/Proximity Caves | Upgraded with Utility slot (x1) 23795 | -4/Proximity Caves | Attracted the attention of an 0b10 outpost 23830 | -4/Proximity Caves | Reached level 25 23862 | -4/Proximity Caves | Destroyed 16 combat bots 23878 | -4/Proximity Caves | Attracted the attention of an 0b10 checkpoint 23949 | -4/Proximity Caves | Discovered exit to Factory (range 5) 23969 | -4/Proximity Caves | Spotted B-86 Titan 23996 | -4/Proximity Caves | Entered Factory 24239 | -4/Factory | Spotted B-86 Titan 24588 | -4/Factory | Discovered new exit (range 15) 24669 | -4/Factory | Identified exit to Research 24768 | -4/Factory | Reached level 26 24812 | -4/Factory | Identified exit to Upper Caves 24812 | -4/Factory | Identified exit to Armory 24831 | -4/Factory | Discovered exit to Research (range 6) 24929 | -4/Factory | Cargo convoy interrupted 24979 | -4/Factory | Found Prototype Protection 24979 | -4/Factory | Identified Active Cooling Armor 24996 | -4/Factory | First assault squad dispatched 25088 | -4/Factory | Manually triggered Chute Trap 25088 | -4/Factory | Sucked down chute 25088 | -4/Factory | Entered Waste 25103 | -4/Waste | EMP discharged 25106 | -4/Waste | Spotted C-40 Crusher 25110 | -4/Waste | Destroyed C-40 Crusher 25112 | -4/Waste | Spotted C-40 Crusher 25117 | -4/Waste | Spotted C-40 Crusher 25124 | -4/Waste | Destroyed C-40 Crusher 25131 | -4/Waste | Spotted C-40 Crusher 25162 | -4/Waste | Destroyed C-40 Crusher 25175 | -4/Waste | Spotted C-40 Crusher 25177 | -4/Waste | Destroyed C-40 Crusher 25184 | -4/Waste | Destroyed C-40 Crusher 25203 | -4/Waste | EMP discharged 25222 | -4/Waste | Spotted C-40 Crusher 25226 | -4/Waste | Destroyed C-40 Crusher 25282 | -4/Waste | Discovered new exit (range 10) 25293 | -4/Waste | Entered Factory 26089 | -4/Factory | Spotted Striker 26097 | -4/Factory | Destroyed Striker 26293 | -4/Factory | First assault squad dispatched 26324 | -4/Factory | Entered Upper Caves 26327 | -4/Upper Caves | Reached level 27 26378 | -4/Upper Caves | Destroyed 10 combat bots 26440 | -4/Upper Caves | Attracted the attention of an 0b10 outpost 26651 | -4/Upper Caves | Ambushed by research squad 26886 | -4/Upper Caves | Upgraded with Utility slot (x1) 27099 | -4/Upper Caves | Encountered a Warlord checkpoint 27413 | -4/Upper Caves | Found DCF Scrap (13 items) 27515 | -4/Upper Caves | Discovered new exit (range 7) 28226 | -4/Upper Caves | Entered another Upper Caves area 28226 | -4/Upper Caves | Accompanied by 1 ally 28236 | -4/Upper Caves | Discovered exit to Research (range 12) 28830 | -4/Upper Caves | Attracted the attention of an 0b10 outpost 28899 | -4/Upper Caves | Destroyed 16 combat bots 29289 | -4/Upper Caves | Attracted the attention of an 0b10 checkpoint 29511 | -4/Upper Caves | Learned Research trap positions 29601 | -4/Upper Caves | Discovered new exit (range 13) 30019 | -4/Upper Caves | Entered Zhirov 30019 | -4/Zhirov | Accompanied by 1 ally 30019 | -4/Zhirov | Discovered new exit (range 3) 30044 | -4/Zhirov | Met Zhirov 30069 | -4/Zhirov | Learned location of Quarantine (-3) 30069 | -4/Zhirov | Learned location of Testing (-2) 30069 | -4/Zhirov | Learned location of Command (-1) 30100 | -4/Zhirov | Zhirov requested help retrieving the SGEMP Prototype 30205 | -4/Zhirov | Found Alien Artifact 30205 | -4/Zhirov | Identified Integrated Reactor 30205 | -4/Zhirov | Installed Integrated Reactor, increased core energy generation (+10) 30274 | -4/Zhirov | Entered Proximity Caves 30276 | -3/Proximity Caves | Reached level 28 30574 | -3/Proximity Caves | Attracted the attention of an 0b10 outpost 30611 | -3/Proximity Caves | Destroyed 7 combat bots 30811 | -3/Proximity Caves | Attracted the attention of an 0b10 checkpoint 31556 | -3/Proximity Caves | Discovered exit to Research (range 15) 31753 | -3/Proximity Caves | Entered Research 31753 | -3/Research | Accompanied by 1 ally 31754 | -3/Research | Loaded intel: 52 trap records 31755 | -3/Research | Reached level 29 31776 | -3/Research | Identified exit to Quarantine 31833 | -3/Research | Destroyed 7 combat bots 31931 | -3/Research | Discovered new exit (range 20) 32344 | -3/Research | Fabricated Imp. Fusion Compressor (x2) 32424 | -3/Research | Entered Quarantine 32482 | -3/Quarantine | Identified exit to Research 32973 | -3/Quarantine | Spotted Alpha 7 32980 | -3/Quarantine | Destroyed Alpha 7 33040 | -3/Quarantine | Met incapacitated Sigix Warrior 33040 | -3/Quarantine | Lockdown squad dispatched 33061 | -3/Quarantine | Crushed by falling debris 33105 | -3/Quarantine | Found Exp. System Shield 33219 | -3/Quarantine | Reached level 30 33930 | -3/Quarantine | Entered Research 33948 | -2/Research | Upgraded with Utility slot (x1) 34032 | -2/Research | Discovered new exit (range 3) 34059 | -2/Research | Identified exit to Testing 34134 | -2/Research | Entered Testing 34136 | -2/Testing | Reached level 31 34253 | -2/Testing | Found Prototype Launcher 34253 | -2/Testing | Identified Z-bomb Delivery System 34263 | -2/Testing | Spotted PX-41C0EJB8HL 34324 | -2/Testing | Found Prototype Energy Gun 34324 | -2/Testing | Identified Tachyon Dispersion Ray 34423 | -2/Testing | Found Prototype Ballistic Gun 34423 | -2/Testing | Identified Hyp. Multirail 34587 | -2/Testing | Spotted Striker 34587 | -2/Testing | Spotted Striker 34719 | -2/Testing | Found Prototype Processor 34719 | -2/Testing | Identified Exp. Terrain Scan Processor 34751 | -2/Testing | Discovered new exit (range 17) 35244 | -2/Testing | Reached level 32 35466 | -2/Testing | Found Prototype Energy Cannon 35466 | -2/Testing | Identified Potential Cannon 35610 | -2/Testing | Garrison activated, responded to threat 35835 | -2/Testing | Rewired PX-41C0EJB8HL 36025 | -2/Testing | Destroyed Striker 36026 | -2/Testing | Destroyed Striker 36026 | -2/Testing | Spotted Alpha 7 36035 | -2/Testing | Destroyed Alpha 7 36059 | -2/Testing | Stole the SGEMP Prototype 36218 | -2/Testing | Entered Access 36218 | -1/Access | Accompanied by 1 ally 36220 | -1/Access | Loaded intel: 117 machine locations 36220 | -1/Access | Loaded intel: 104 trap records 36220 | -1/Access | Identified exit to Surface 36220 | -1/Access | Discovered exit to Surface (range 229) 36220 | -1/Access | Identified exit to Command 36220 | -1/Access | Discovered exit to Command (range 122) 36220 | -1/Access | Reached level 33 36220 | -1/Access | Delivered the SGEMP Prototype to Zhirov 36220 | -1/Access | Zhirov transferred Access data 36346 | -1/Access | Reached level 34 36416 | -1/Access | Found Prototype Hackware 36416 | -1/Access | Identified Exp. Hacking Suite 36614 | -1/Access | Entered Command 36614 | -1/Command | Accompanied by 3 allies (incl. Zhirov, Perun, Svarog) 36616 | -1/Command | Reached level 35 36618 | -1/Command | Zhirov warped through subspace 36763 | -1/Command | Upgraded with Utility slot (x1) 36780 | -1/Command | Spotted B-99 Colossus 36876 | -1/Command | Destroyed 9 combat bots 36911 | -1/Command | First assault squad dispatched 37137 | -1/Command | Spotted Alpha 7 37137 | -1/Command | Spotted Striker 37137 | -1/Command | Spotted Executioner 37137 | -1/Command | Spotted Executioner 37137 | -1/Command | Spotted Alpha 7 37137 | -1/Command | Spotted Striker 37137 | -1/Command | Spotted Executioner 37137 | -1/Command | Spotted Executioner 37137 | -1/Command | Spotted B-99 Colossus 37137 | -1/Command | Spotted B-99 Colossus 37141 | -1/Command | Destroyed Executioner 37142 | -1/Command | Destroyed Executioner 37146 | -1/Command | Core integrity fell below 50% 37149 | -1/Command | Destroyed Striker 37150 | -1/Command | Core integrity fell below 20% 37173 | -1/Command | Destroyed Executioner 37175 | -1/Command | Incoming assault squad redirected 37210 | -1/Command | Destroyed 7 combat bots 37256 | -1/Command | Incoming assault squad redirected 37261 | -1/Command | Discovered exit to Surface (range 9) 37272 | -1/Command | Destroyed by Executioner with Helical Railgun Last Messages --------------- 37264_ M-36 Artificer fits Backup Laser VII on Striker. 37265_ Field strength at 80. 37266_ Penetrated by Slug. 37266_ Slug penetrates Reinforced Barrier. 37266_ Penetrated by Slug. 37266_ Dropped Protomatter-32. 37266_ M-36 Artificer fits Backup Power VII on Striker. 37267_ Field strength at 70. 37268_ Field strength at 60. 37269_ Adv. System Restoration Module destroyed. 37269_ Critical hit (Blast). 37269_ Penetrated by Slug. 37269_ Slug penetrates Access Shell. 37269_ Penetrated by Slug. 37269_ Upgraded: Core Integrity (+50) 37269_ Field strength at 50. 37270_ Field strength at 40. 37271_ Dropped Potential Cannon. 37272_ Field strength at 30. 37272_ Penetrated by Slug. Map ----- +----------------------------------------------------+ | ?????????# = " "[!% #???????? | | ?????????# !" #= #???????? | | ?????????# " " " #???????? | | ?????????# """ " ## """ #???????? | | ?????????# """%" %" ##!% T" #+#?????? | | ?????????# "" " " ?#%=% """ ####??? | | ?????????# "" " ##* "" #??? | | ?????????# " " BB #??? | | ?????????# " " BBB + ? | | ?????????# """ " "# " B #??? | | ?????????# """T" % " ############+###??? | | ?????????##############" #?????????????????? | | ?????????????????????# ## %% ###???????????????? | | ?????????????????????#### ##??????????????? | | ???????????????????????# #??????????????? | | ???????????????????????## = K #??????????????? | | ???????????????????????##" m g ;#??????????????? | | ???????????????????????#; 7% #??????????????? | | ???????????????????????#;"7 #??????????????? | | ???????????????????????#; ^ ;#??????????????? | | ???????????????????????#;"gEg ###??????????????? | | ??????????????????????##; ^^ ^ ##??????????????? | | ??????????????????????#;;# ^^^ ;;##?????????????? | | ??????????????????????# #?????????????? | | ??????????????????????# b]% #?????????????? | | ??????????????????????# %@^^ ^^ #?????????????? | | ??????????????????????# ^ """""^ #?????????????? | | ??????????????????????# % ??? #?????????????? | | ??????????????????????# ^" ""?? #?????????????? | | ??????????????????????# " "< ? #?????????????? | | ??????????????????????# "? "? #?????????????? | | ??????????????????????# "?""""? #?????????????? | | ??????????????????????# ??????? #?????????????? | | ??????????????????????# ??????? #?????????????? | | ??????????????????????# ??????????????????????? | | ??????????????????????######?????????????????????? | | ?????????????????????????????????????????????????? | | ?????????????????????????????????????????????????? | | ?????????????????????????????????????????????????? | | ?????????????????????????????????????????????????? | | ?????????????????????????????????????????????????? | | ?????????????????????????????????????????????????? | | ?????????????????????????????????????????????????? | | ?????????????????????????????????????????????????? | | ?????????????????????????????????????????????????? | | ?????????????????????????????????????????????????? | | ?????????????????????????????????????????????????? | | ?????????????????????????????????????????????????? | | ?????????????????????????????????????????????????? | | ?????????????????????????????????????????????????? | +----------------------------------------------------+ Best States ------------- Heat Dissipation 175 Coolant Potential 80 Energy Generation 111 Energy Capacity 1260 Matter Stores 300 Matter Capacity 300 Sight Range 22 Terrain Scan Range 20 Terrain Scan Density 1010 Power Amplification 30 EM Shielding 2 Armor Coverage 1700 Resistance: KI 25 Resistance: TH 20 Resistance: EX 20 Resistance: EM 20 Resistance: I 20 Resistance: S 20 Resistance: P 20 Weapon Cycling 20 Phase Shifting 5 Evasion (%) 55 Targeting Accuracy 12 Target Analysis 6 Core Analysis 6 Recoil Reduction 2 Energy Filtering 50 Particle Charging 30 Offensive Hacking 52 Defensive Hacking 26 Item Schematics ----------------- Particle Cannon | -9/Recycling | Hacked Imp. Light Cannon | -9/Recycling | Hacked Combat Drone Bay | -6/Data Miner | Free Imp. Energy Well | -6/Data Miner | Free Imp. Linear Gravjet | -6/Data Miner | Free Adv. Reaction Control System | -6/Data Miner | Free Hvy. Disruptor Cannon | -6/Data Miner | Free Imp. Fusion Compressor | -6/Data Miner | Free Lgt. Particle Reactor | -6/Data Miner | Free Enh. Force Rifle | -6/Data Miner | Free Cld. Nuclear Pulse Thruster | -6/Data Miner | Free Lgt. Regenerative Plating | -6/Data Miner | Free Quantum Capacitor | -5/Factory | Hacked Prc. Energy Filter | -5/Factory | Hacked Adv. System Restoration Module | -5/Factory | Hacked Enh. Nova Cannon | -4/Factory | Hacked Assault Drone Bay | -4/Zhirov | Free Exp. Heat Sink | -4/Zhirov | Free Exp. Optical Array | -4/Zhirov | Free Imp. Arc Thrower | -4/Zhirov | Free Centrium Wheel | -3/Quarantine | Hacked Gui. Micro-nuke Launcher | -2/Testing | Hacked Med. Regenerative Plating | -2/Testing | Hacked Adv. Matter Compressor | -2/Testing | Archive Ragnarok Missile Launcher | -2/Testing | Archive Cld. Q-thruster | -2/Testing | Archive Imp. Q-thruster | -2/Testing | Archive Robot Schematics ------------------ L-31 Rogue | -9/Recycling | Hacked G-34 Mercenary | -9/Recycling | Hacked L-41 Fighter | -6/Data Miner | Free R-10 Processor | -6/Data Miner | Free G-50 Soldier | -6/Data Miner | Free S-27 Virus | -6/Data Miner | Free W-44 Eye | -6/Data Miner | Free A-15 Conveyor | -6/Data Miner | Free R-06 Scavenger | -2/Testing | Archive Y-72 Warden | -2/Testing | Hacked Fabricated ------------ Quantum Capacitor | x2 | -5/Factory Prc. Energy Filter | x1 | -5/Factory Prc. Energy Filter | x1 | -5/Factory Adv. System Restoration Module | x2 | -5/Factory Imp. Fusion Compressor | x2 | -3/Research Alien Tech Used ----------------- Integrated Reactor Achievements -------------- Prolific Hacker Safety First Challenges ------------ None RPGLIKE | -11 -10 -10 -9 -9 -6 -6 -6 -6 -5 -5 -5 -5 -5 -5 -5 -4 -4 -4 -4 -4 -4 -4 -3 -3 -3 -2 -2 -1 -1 --------- Run | Yrd Mat Sub Rec Scr Fac Low Low Dat Pro Fac Was Fac Upp Upp War Pro Fac Was Fac Upp Upp Zhi Pro Res Qua Res Tes Acc Com Levels Raised 34 | . 2 1 1 1 7 . 1 1 2 5 . . . 1 . 2 1 . . 1 . . 1 1 1 . 2 2 1 XP Earned 56211 | 4000 3023 2050 1930 650 10644 943 1200 650 3043 7466 67 479 783 876 497 1854 1810 46 817 637 455 105 1303 1214 1149 1051 2655 2735 2079 XP Spent 54835 | 750 2250 800 . 6200 2300 5500 850 . . 13600 1250 . . . 800 4100 . . . 4400 . . . . . 4700 . . 7335 Upgrades 49 | 2 4 1 . 4 1 2 2 . . 7 1 . . . 1 1 . . . 1 . . . . . 1 . . 21 Power Slot 2 | . . . . . . . . . . 1 . . . . 1 . . . . . . . . . . . . . . Propulsion Slot 2 | 1 . . . . . . . . . 1 . . . . . . . . . . . . . . . . . . . Utility Slot 16 | . 1 1 . 4 1 2 . . . 3 . . . . . 1 . . . 1 . . . . . 1 . . 1 Weapon Slot 2 | . 1 . . . . . . . . 1 . . . . . . . . . . . . . . . . . . . Core Integrity 19 | . . . . . . . . . . . . . . . . . . . . . . . . . . . . . 19 Energy Generation 2 | . . . . . . . 2 . . . . . . . . . . . . . . . . . . . . . . Inventory Capacity 5 | 1 2 . . . . . . . . 1 1 . . . . . . . . . . . . . . . . . . KI Resistance % 1 | . . . . . . . . . . . . . . . . . . . . . . . . . . . . . 1 Protomatter Created 7819 | . 343 181 149 . 40 . 225 . 211 890 91 116 232 270 106 275 483 . 549 467 264 . 366 228 517 . 703 324 789 Integrity Restored 11034 | . 298 605 206 . 30 24 604 . 427 1904 71 229 300 315 339 297 576 . 754 321 506 . 178 203 513 . 1017 316 1001 Core 7111 | . 221 474 122 . 30 24 421 . 226 1519 . 155 187 201 135 190 222 . 394 177 295 . 108 102 324 . 593 199 792 Parts 3923 | . 77 131 84 . . . 183 . 201 385 71 74 113 114 204 107 354 . 360 144 211 . 70 101 189 . 424 117 209 Protomatter Decayed 3474 | . 55 113 77 . . . . . 19 170 . 126 107 208 333 72 222 . 103 215 78 49 256 157 195 . 389 114 416 Game ------ Seed SapperCargoShovel Manual? 0 Play Time 09:20:59 Cumulative 335.9 hours Start 2024.08.06 @ 16:51:07 End 2024.08.07 @ 16:12:54 Sessions 7 Manual Loads 0 Difficulty Adventurer Special Mode Winter2019/RPGLIKE Game No. 26 Rogue 8 Adventurer 9 Explorer 9 Win Type - Total 17 Types 13/0/2/1/0/1/0/0/0 Lore% 47 Gallery% 62 Achievement% 67 Wizard Run 0 Options --------- Layout 0 ASCII 0 Keyboard 0 Movement Mouse Keybinds 0 Fullscreen 1 Font 36/Terminus++ Map View 76x50 Zoom Use 0% Tactical HUD 1 Map Filters NONE Filters NONE Steam 0 RUN: 0986d2cf-ba06-44af-b281-86cf7451c4c5